 Dungeon Crawl Stone Soup version 0.22-a0-580-gd5db89c (webtiles) character file.

14472 sking99 the Brawler (level 11, -2/110 HPs)
             Began as a Troll Monk on July 3, 2018.
             Was a Priest of Elyvilon (penitent).
             Slain by an elephant (15 damage)
             ... on level 4 of the Lair of Beasts.
             The game lasted 00:29:31 (9723 turns).

sking99 the Brawler (Troll Monk)                    Turns: 9723, Time: 00:29:31

Health: -2/110     AC:  9    Str: 21    XL:     11   Next: 89%
Magic:  14/15      EV: 11    Int:  6    God:    Elyvilon [*]
Gold:   740        SH:  4    Dex: 15    Spells: 10/10 levels left

rFire    . . .     SeeInvis +     - Unarmed
rCold    . . .     Gourm    +   (no shield)
rNeg     . . .     Faith    .   K - +2 robe {MR+}
rPois    .         Spirit   .   (helmet restricted)
rElec    .         Reflect  +   c - +1 cloak
rCorr    +         Harm     .   (gloves unavailable)
MR       +....                  (boots unavailable)
Stlth    ++........             e - +4 amulet of reflection
HPRegen  0.68/turn              g - ring of see invisible
MPRegen  0.14/turn              v - ring of resist corrosion

@: protection, frozen, hasted, quick
A: large, unfitting armour, claws 3, fast metabolism 3, gourmand, regeneration
1, shaggy fur 1, tough skin 2
a: Renounce Religion


You were on level 4 of the Lair of Beasts.
You worshipped Elyvilon.
Elyvilon was demanding penance.
You were not hungry.

You visited 3 branches of the dungeon, and saw 17 of its levels.

You collected 867 gold pieces.
You spent 127 gold pieces at shops.

Inventory:

Hand Weapons
 a - a +4 whip
Armour
 c - a +1 cloak (worn)
 r - a scarf of repulsion
 K - a +2 robe of magic resistance (worn)
Jewellery
 e - a +4 amulet of reflection (around neck)
 g - a ring of see invisible (left claw)
 q - an uncursed ring of flight
 v - a ring of resist corrosion (right claw)
 y - an uncursed ring of stealth
 M - an uncursed amulet of guardian spirit
Wands
 d - a wand of enslavement (18)
 k - a wand of polymorph (17)
 s - a wand of iceblast (13)
 B - a wand of flame (23)
 F - a wand of acid (8)
Scrolls
 f - 2 scrolls of blinking
 i - 5 scrolls of remove curse
 p - 4 scrolls of fog
 t - 3 scrolls of magic mapping
 z - 3 scrolls of fear
 C - 4 scrolls of teleportation
Potions
 h - a potion of haste
 j - a potion of magic
 l - 5 potions of flight
 m - a potion of agility
 n - a potion of mutation
 o - 4 potions of ambrosia
 u - a potion of brilliance
Comestibles
 b - 25 rations
 w - 5 chunks of flesh


   Skills:
 + Level 7.7 Fighting
 - Level 2.4 Dodging
 - Level 1.0 Stealth
 - Level 15.1 Unarmed Combat
 - Level 7.0 Invocations


You had 10 spell levels left.
You didn't know any spells.
Your spell library contained the following spells:

 Spells                   Type           Power        Failure   Level  Hunger
 Throw Frost              Conj/Ice       #.....       58%         2    ###....
 Animate Dead             Necr           N/A          99%         4    #####..
 Pain                     Necr           #...         45%         1    ##.....
 Animate Skeleton         Necr           N/A          45%         1    ##.....
 Vampiric Draining        Necr           #.........   83%         3    ####...
 Freeze                   Ice            #...         45%         1    ##.....
 Summon Ice Beast         Ice/Summ       #.......     99%         4    #####..
 Ozocubu's Armour         Chrm/Ice       #.......     83%         3    ####...
 Regeneration             Chrm/Necr      #.........   83%         3    ####...
 Throw Icicle             Conj/Ice       #.......     99%         4    #####..


Dungeon Overview and Level Annotations

Branches:
Dungeon (12/15)            Temple (1/1) D:5            Lair (4/6) D:9
    Orc (0/2) D:11
  Swamp: Lair:2-4    Shoals: Lair:2-4     Snake: Lair:2-4    Spider: Lair:2-4

Altars:
Ashenzari
Cheibriados
Dithmenos
Elyvilon
Fedhas
Gozag
Hepliaklqana
Kikubaaqudgha
Makhleb
Nemelex Xobeh
Okawaru
Qazlal
Ru
Sif Muna
Trog
Uskayaw
Vehumet
Wu Jian
Xom
Yredelemnul
Zin
The Shining One

Shops:
D:5 :   D:7 *   D:8 =   D:11 ?   D:12 =


Innate Abilities, Weirdness & Mutations

You are too large for most types of armour.
You have claws for hands.
Your metabolism is lightning-fast.
You like to eat raw meat.
Your natural rate of healing is unusually fast.
You are covered in fur. (AC +1)
You have very tough skin. (AC +2)


Message History

You kill the elephant!
Elyvilon does not appreciate your shedding blood when asking for salvation!
You feel very guilty.
You can no longer provide greater healing for yourself. "You will pay for your transgression, mortal!"
You see here an elephant corpse.
You butcher the elephant corpse.
w - 4 chunks of flesh You see here an elephant skeleton.
You see here an elephant corpse.
You butcher the elephant corpse.
w - 5 chunks of flesh (gained 1)
A rime drake comes into view.
The rime drake hisses angrily.
The rime drake breathes ice at you. The flash freeze hits you!
* * * LOW HITPOINT WARNING * * *
You are encased in ice.
The elephant tramples you!
You die...

.## ##.P# ...##
#...#
..)..####..##
......#.....###
#...#.....รท.#
#..........#
###....>....#
#...........##
..k.#8.<#Y@$...#
..#.#..........# .
##...##.......#
#... ........#
....##.........#
....# .........##
..... ...........#
...#............##


You could see an elephant.

Vanquished Creatures
  2 two-headed ogres
  Pikel (D:5)
  An ugly thing (D:11)
  5 elephants (Lair:4)
  Maurice (D:8)
  Joseph (D:8)
  Psyche (D:8)
  2 komodo dragons
  A spiny frog (Lair:1)
  2 trolls (D:10)
  2 hippogriffs
  2 wyverns
  5 yaks (D:9)
  2 hungry ghosts
  A human (D:11)
  Menkaure (D:4)
  A warg (D:11)
  An acid dragon (D:11)
  Duvessa (D:6)
  3 porcupines
  4 water moccasins
  10 sky beasts
  3 orc warriors
  A hornet zombie (D:6)
  3 ice beasts
  A black bear (D:9)
  A phantom (D:9)
  3 wolves (Lair:2)
  3 ogres
  3 centaurs
  2 crocodiles
  7 bullfrogs
  A big kobold (D:8)
  Dowan (D:6)
  2 scorpions (D:8)
  14 killer bees
  4 howler monkeys
  2 centaur zombies
  2 crimson imps (D:11)
  4 jellies
  A quasit (D:5)
  2 bullfrog zombies
  6 hounds
  A bullfrog skeleton (D:7)
  6 orc priests
  Crazy Yiuf (D:2)
  Ijyb (D:3)
  2 iguanas
  7 orc wizards
  8 worker ants
  A worker ant zombie (D:5)
  5 gnolls
  11 adders
  A shadow imp (D:5)
  2 oozes
  An adder zombie (D:5)
  2 adder skeletons
  A worm (D:3)
  8 leopard geckos
  27 orcs
  A ball python (D:3)
  5 giant cockroaches
  16 goblins
  11 hobgoblins
  9 jackals
  3 quokkas
  9 bats
  3 frilled lizards
  13 kobolds
  A leopard gecko skeleton (D:5)
  A quokka skeleton (D:7)
  11 rats
284 creatures vanquished.

Vanquished Creatures (others)
  A jackal skeleton (D:5)
1 creature vanquished.

Grand Total: 285 creatures vanquished

Notes
Turn   | Place    | Note
-------+----------+-------------------------------------------
     0 | D:1      | sking99 the Troll Monk began the quest for the Orb.
     0 | D:1      | Reached XP level 1. HP: 22/22 MP: 0/0
    68 | D:1      | Reached XP level 2. HP: 29/29 MP: 1/1
   355 | D:1      | Reached XP level 3. HP: 36/36 MP: 2/2
   381 | D:1      | Reached skill level 4 in Unarmed Combat
   552 | D:2      | Found an opulent altar of Gozag.
   853 | D:2      | Reached XP level 4. HP: 40/44 MP: 3/3
  1107 | D:2      | Found a runed door.
  1160 | D:2      | Noticed Crazy Yiuf
  1168 | D:2      | Killed Crazy Yiuf
  1214 | D:3      | Found a hazy altar of Hepliaklqana.
  1225 | D:3      | Reached skill level 5 in Unarmed Combat
  1470 | D:3      | Noticed Ijyb
  1499 | D:3      | Killed Ijyb
  1499 | D:3      | Reached XP level 5. HP: 52/52 MP: 4/4
  2038 | D:4      | Reached skill level 6 in Unarmed Combat
  2445 | D:4      | Noticed Menkaure
  2452 | D:4      | Killed Menkaure
  2452 | D:4      | Reached skill level 7 in Unarmed Combat
  2452 | D:4      | Reached XP level 6. HP: 47/61 MP: 5/5
  2592 | D:5      | Entered Level 5 of the Dungeon
  2908 | D:5      | Found Wurpheq's Book Boutique.
  2934 | D:5      | Noticed Pikel
  2937 | D:5      | Reached XP level 7. HP: 60/67 MP: 6/6
  2946 | D:5      | Killed Pikel
  2946 | D:5      | Reached skill level 9 in Unarmed Combat
  3037 | D:5      | Found a staircase to the Ecumenical Temple.
  3048 | D:5      | Reached XP level 8. HP: 73/75 MP: 7/7
  3062 | Temple   | Entered the Ecumenical Temple
  3115 | Temple   | Became a worshipper of Elyvilon the Healer
  3115 | Temple   | Reached * piety under Elyvilon
  3115 | Temple   | Reached ** piety under Elyvilon
  3277 | D:5      | Reached skill level 10 in Unarmed Combat
  3308 | D:5      | Reached skill level 1 in Invocations
  3331 | D:5      | Found a shadowy altar of Dithmenos.
  3440 | D:6      | Found a deep blue altar of Sif Muna.
  3500 | D:6      | Noticed Duvessa
  3500 | D:6      | Noticed Dowan
  3514 | D:6      | Killed Duvessa
  3521 | D:6      | Killed Dowan
  3574 | D:6      | Reached skill level 11 in Unarmed Combat
  3667 | D:6      | Found an iron altar of Okawaru.
  3736 | D:6      | Reached XP level 9. HP: 83/83 MP: 9/9
  4043 | D:7      | Found Coybruv's General Store.
  4051 | D:7      | Bought a potion of curing for 36 gold pieces
  4101 | D:7      | Reached *** piety under Elyvilon
  4140 | D:7      | Found a snail-covered altar of Cheibriados.
  4354 | D:8      | Found a radiant altar of Vehumet.
  4452 | D:8      | Noticed Maurice
  4461 | D:8      | Killed Maurice
  4461 | D:8      | Reached skill level 12 in Unarmed Combat
  4583 | D:8      | Found an ancient bone altar of Kikubaaqudgha.
  4649 | D:8      | Reached **** piety under Elyvilon
  4995 | D:8      | Noticed Joseph
  5013 | D:8      | Killed Joseph
  5013 | D:8      | Reached skill level 13 in Unarmed Combat
  5017 | D:8      | Found Geujiukh's Jewellery Shoppe.
  5062 | D:8      | Noticed Psyche
  5066 | D:8      | Noticed a two-headed ogre
  5070 | D:8      | Killed Psyche
  5142 | D:8      | HP: 2/83 [two-headed ogre/giant club (28)]
  5144 | D:8      | Elyvilon protects you from harm!
  5145 | D:8      | Killed a two-headed ogre
  5145 | D:8      | Reached XP level 10. HP: 4/91 MP: 11/11
  5477 | D:9      | Found a staircase to the Lair.
  5514 | D:9      | You fall through a shaft for 3 floors!
  5514 | D:12     | Found Fott's Jewellery Boutique.
  5545 | D:12     | Noticed a cyan ugly thing
  5545 | D:12     | Noticed a green ugly thing
  5547 | D:12     | Noticed a red very ugly thing
  5705 | D:11     | Reached skill level 14 in Unarmed Combat
  5739 | D:11     | Found a staircase to the Orcish Mines.
  5845 | D:11     | Found Qocuudum's Magic Scroll Shoppe.
  5854 | D:11     | Bought a scroll of fear for 49 gold pieces
  5854 | D:11     | Bought a scroll of teleportation for 42 gold pieces
  6020 | D:11     | Reached ***** piety under Elyvilon
  6023 | D:11     | Noticed a cyan ugly thing
  6033 | D:11     | Killed a cyan ugly thing
  6204 | D:10     | Entered Level 10 of the Dungeon
  6211 | D:9      | Noticed a two-headed ogre
  6220 | D:9      | Killed a two-headed ogre
  6220 | D:9      | Reached skill level 15 in Unarmed Combat
  6330 | D:9      | Reached XP level 11. HP: 46/100 MP: 13/13
  6740 | D:9      | Reached skill level 5 in Invocations
  6776 | D:9      | Reached skill level 5 in Fighting
  8021 | D:11     | Found a blossoming altar of Fedhas.
  8125 | D:11     | Reached ****** piety under Elyvilon
  8426 | Lair:1   | Entered Level 1 of the Lair of Beasts
  9696 | Lair:4   | HP: 3/109 [elephant (18)]
  9698 | Lair:4   | HP: 1/109 [elephant (11)]
  9700 | Lair:4   | Elyvilon protects you from harm!
  9701 | Lair:4   | Elyvilon protects you from harm!
  9703 | Lair:4   | Elyvilon protects you from harm!
  9703 | Lair:4   | HP: 3/109 [elephant (1)]
  9707 | Lair:4   | HP: 1/109 [elephant (13)]
  9707 | Lair:4   | Elyvilon protects you from harm!
  9711 | Lair:4   | Was placed under penance by Elyvilon
  9723 | Lair:4   | Slain by an elephant

Vault maps used:
D:1:      minmay_arrival_four_houses
D:2:      grunt_gozag_statues, uniq_crazy_yiuf_cottage
D:3:      kennysheep_the_goblin_king, overflow_temple_1_default, first_ration
D:4:      uniq_menkaure
D:5:      lemuel_coloured_pillars_altar, minmay_temple_entry_nine_rooms,
          serial_shops, shop, dk_noncrumbling_2, uniq_pikel
D:6:      okawaru_altar_gauntlet_db, kennysheep_mini_moat, st_stairs_14,
          minivault_27, uniq_duvessa
D:7:      basic_altar, serial_shops, shop
D:8:      old_standard_altar, lemuel_crystal_altar, serial_shops, shop,
          blue_anna_alchemist, uniq_maurice, uniq_psyche, uniq_joseph
D:9:      lair_entry_dummy
D:10:     minmay_misc_feat_four_crosses
D:11:     erik_orc_4, serial_shops, shop, fedhas_altar_1
D:12:     ploomutoo_gammafunk_potion_laboratory, serial_shops, shop,
          minmay_the_grid_square_5x5_3x3_mashed
Temple:   nicolae_temple_x_marks_the_god
Lair:1:   serial_forest, infiniplex_forest_side_room,
          infiniplex_forest_fountain, infiniplex_forest_lined_3,
          infiniplex_forest_side_room, infiniplex_forest_lined_2,
          infiniplex_forest_end_double, beast_lair_carwin_5
Lair:3:   gammafunk_ghost_split, ice2_lemuel, uniq_snorg
Lair:4:   minmay_shoals_entry_centaurs, spider_nest_entry_rubble,
          grunt_megastairs_5, lemuel_fruit_fields, infiniplex_staircase_pool

Skill      XL: |  1  2  3  4  5  6  7  8  9 10 11 |
---------------+----------------------------------+-----
Unarmed Combat | 4 5 7 9 11 13 15 | 15.1
Fighting       | 3 4 7 |  7.7
Invocations    | 1 3 4 7 |  7.0
Dodging        | |  2.4
Stealth        | |  1.0

Action                   |  1- 3 |  4- 6 |  7- 9 | 10-12 || total
-------------------------+-------+-------+-------+-------++-------
Melee: Unarmed           |   132 |   138 |   206 |   401 ||   877
       Punch             |     2 |     4 |     7 |    28 ||    41
       Whip              |       |       |       |     7 ||     7
Invok: Divine Protection |       |       |       |     1 ||     1
       Greater Healing   |       |       |       |     1 ||     1
  Use: Potion            |       |     1 |     1 |     7 ||     9
       Scroll            |       |     9 |     5 |    12 ||    26
 Stab: Sleeping          |     5 |     4 |     3 |     4 ||    16
       Distracted        |       |       |     1 |     4 ||     5
       Invisible         |       |       |     1 |       ||     1
  Eat: Chunk             |    13 |    19 |    27 |    32 ||    91
       Ration            |       |       |     1 |     1 ||     2
Armor: Robe              |    42 |    40 |    43 |    84 ||   209
Dodge: Dodged            |    61 |    52 |    74 |   176 ||   363
Block: Other             |       |     1 |    29 |    59 ||    89
       Reflection        |       |       |     3 |     2 ||     5

Table legend:
 A = Spawn XP
 B = Non-spawn XP
 C = Spawn XP percentage of total XP
 D = Spawn monster count
 E = Non-spawn monster count
 F = Spawn count percentage of total count
 G = Total turns spent on level
                    A         B        C        D         E        F      G
               +---------+---------+-------+---------+---------+-------+---------
         Total |       0 |   20675 |   0.0 |       0 |     284 |   0.0 |  9723
               +---------+---------+-------+---------+---------+-------+---------
           D:1 |       0 |      52 |   0.0 |       0 |      28 |   0.0 |   475
           D:2 |       0 |      94 |   0.0 |       0 |      27 |   0.0 |   737
           D:3 |       0 |     109 |   0.0 |       0 |      28 |   0.0 |   842
           D:4 |       0 |     289 |   0.0 |       0 |       5 |   0.0 |   624
           D:5 |       0 |    1500 |   0.0 |       0 |      18 |   0.0 |   788
           D:6 |       0 |     989 |   0.0 |       0 |      19 |   0.0 |   613
           D:7 |       0 |     186 |   0.0 |       0 |      10 |   0.0 |   347
           D:8 |       0 |    3021 |   0.0 |       0 |      19 |   0.0 |  1273
           D:9 |       0 |    4203 |   0.0 |       0 |      42 |   0.0 |  1029
          D:10 |       0 |    1787 |   0.0 |       0 |      27 |   0.0 |   910
          D:11 |       0 |    3360 |   0.0 |       0 |      41 |   0.0 |  1074
        Lair:1 |       0 |    1300 |   0.0 |       0 |       6 |   0.0 |   323
        Lair:2 |       0 |    1109 |   0.0 |       0 |       7 |   0.0 |   344
        Lair:3 |       0 |      96 |   0.0 |       0 |       1 |   0.0 |   169
        Lair:4 |       0 |    2580 |   0.0 |       0 |       6 |   0.0 |    82
               +---------+---------+-------+---------+---------+-------+---------
